 Dungeon Sprint DCSS version 0.26-a0-663-g36e8fdb655 (webtiles) character file.

Game seed: 9167327659813335643

11815 sahdkjhfkaj the Black Belt (level 11, -2/71 (72) HPs)
             Began as an Octopode Transmuter on Oct 10, 2020.
             Was an Initiate of Gozag.
             Slain by Gastronok (34 damage)
             ... in the Dungeon (Sprint III: "The Ten Rune Challenge").
             The game lasted 00:14:46 (4613 turns).

sahdkjhfkaj the Black Belt (Octopode Transmuter)    Turns: 4613, Time: 00:14:46

HP:   -2/71 (72)    AC:  1    Str: 12    XL:     11   Next: 83%
MP:   10/21         EV: 18    Int: 16    God:    Gozag
Gold: 3302          SH:  0    Dex: 11    Spells: 6/27 levels left

rFire    . . .     SeeInvis .     - Unarmed
rCold    . . .     Faith    .   (shield currently unavailable)
rNeg     . . .     Spirit   .   (helmet restricted)
rPois    .         Reflect  .   (no amulet)
rElec    .         Harm     .   (no ring)
rCorr    .         Rampage  .   (no ring)
MR       .....     NoTele   +   (no ring)
Stlth    +++++.....             (no ring)
HPRegen  0.21/turn              (no ring)
MPRegen  0.17/turn              (no ring)
                                (no ring)
                                (no ring)

@: blade tentacles, very slightly contaminated
A: almost no armour, stealthy swim, amphibious, 8 rings, constrict 8, camouflage
1, clumsy 1, frail 1, low mp 1, gelatinous body 1
a: End Transformation, Potion Petition, Call Merchant, Bribe Branch, Renounce
Religion


You were in the Dungeon.
You worshipped Gozag.
Gozag was most pleased with you.
You had blades for tentacles.
You visited 1 branch You collected 7814 gold pieces.
You spent 2475 gold pieces at shops.
You paid 2037 gold pieces to Gozag.

Inventory:

Missiles
 a - 7 poisoned darts (quivered)
Scrolls
 g - 2 scrolls of blinking
 h - 2 scrolls of torment
 i - a scroll of identify
 j - 2 scrolls of remove curse
 l - a scroll of immolation
Potions
 b - a potion of curing
 c - 2 potions of heal wounds
 d - 2 potions of haste
 e - 2 potions of magic
 k - 2 potions of flight
 m - 4 potions of mutation
Miscellaneous
 n - a condenser vane (2/2)


   Skills:
 - Level 10.0 Fighting
 - Level 10.0 Dodging
 - Level 10.0 Stealth
 + Level 18.7 Unarmed Combat
 + Level 8.7 Spellcasting
 + Level 0.0 Conjurations
 + Level 12.2 Transmutations


You had 6 spell levels left.
You knew the following spells:

 Your Spells              Type           Power        Failure   Level
a - Beastly Appendage     Tmut           #####.       6%          1
A - Blade Hands           Tmut           #####.....   21%         5
D - Dragon Form           Tmut           #####.....   88%         7
N - Confusing Touch       Hex            #.......     73%         3
R - Irradiate             Conj/Tmut      ####......   67%         5

Your spell library contained the following spells:

 Spells                   Type           Power        Failure   Level
 Wereblood                Tmut           #####...     7%          2
 Spider Form              Tmut/Pois      ####......   24%         3
 Ignite Poison            Fire/Tmut/Pois ###.....     36%         3
 Ice Form                 Ice/Tmut       ####....     43%         4
 Petrify                  Tmut/Erth      ####....     43%         4
 Animate Skeleton         Necr           #.....       47%         1
 Apportation              Tloc           #.....       47%         1
 Corona                   Hex            #......      47%         1
 Foxfire                  Conj/Fire      #...         47%         1
 Summon Small Mammal      Summ           #...         47%         1
 Sublimation of Blood     Necr           #.........   56%         2
 Alistair's Intoxication  Tmut/Pois      ####.....    67%         5
 Yara's Violent Unravell  Hex/Tmut       ####......   67%         5
 Gell's Gravitas          Tloc           #.........   73%         3
 Cause Fear               Hex            #.........   96%         4
 Eringya's Noxious Bog    Tmut/Pois      ####......   98%         6
 Metabolic Englaciation   Hex/Ice        #.........   100%        5
 Dragon's Call            Summ           #.........   100%        9


Dungeon Overview and Level Annotations

Branches:
Dungeon (1/1)

Altars:
Cheibriados
Dithmenos
Elyvilon
Fedhas
Gozag
Hepliaklqana
Kikubaaqudgha
Makhleb
Nemelex Xobeh
Okawaru
Qazlal
Ru
Sif Muna
Trog
Uskayaw
Vehumet
Wu Jian
Xom
Yredelemnul
Zin
The Shining One
Beogh
Jiyva
Lugonu

Shops:
D [[:*

Annotations:
D exclusion: door, Gastronok


Innate Abilities, Weirdness & Mutations

You cannot wear most types of armour.
You are very stealthy in the water. (Stealth+)
You are amphibious.
You can wear up to eight rings at the same time.
You can use your tentacles to constrict eight enemies at once.
Your skin changes colour to match your surroundings (Stealth+).
Your rubbery body absorbs attacks. (AC +1, EV +1)
You are clumsy. (Dex -2)
You are frail. (-10% HP)
Your magical capacity is low. (-10% MP)


Message History

You kill the quokka!
The quokka's corpse disappears in a puff of smoke!
You slice Gastronok!!
Gastronok is lightly wounded.
You hit Gastronok.
Gastronok is moderately wounded.
Gastronok waves his eye-stalks in wide circles.
The air twists around and strikes you!!
* * * LOW HITPOINT WARNING * * *
You slash Gastronok!
Gastronok is moderately wounded.
You completely miss Gastronok.
Gastronok is moderately wounded.
You slice Gastronok!! You slash Gastronok!
Gastronok is heavily wounded.
You shred Gastronok!!! You squeeze Gastronok!
Gastronok is almost dead.
Gastronok bites you!!
You die...
Your body crumbles into a pile of gold.

'#)######.###
.#'###########################
.#)...#.#)#)....#......'...≈≈#
[##.#))#.##.###.#......#...≈≈###
.'##[#.#.##.#).##).^^..#...≈≈≈≈#
.#[.[#..#..##.['...^^^.#...≈≈≈≈#
▓▓▓▓▓▓▓▓▓▓▓▓▓▓▓#)...^..#.......#
≈........≈≈≈...#...^^..#.......#
≈≈≈≈≈≈≈≈≈≈≈♣♣..w@.^..^.#.......#
♣♣♣♣♣♣♣♣♣♣♣♣♣..#)......#########
♣♣♣##+###### ♣♣♣♣♣♣♣♣♣♣♣♣ ...'
..##≈≈≈≈≈≈.D $#...#.≈
##.#≈≈≈≈≈..D $ #...# #≈≈
#.##'≈≈≈≈≈# ##### ≈ #...#≈≈....§
##.)#≈..+###


You could see Gastronok.

Vanquished Creatures
  Frances (D)
  Donald (D)
  Erolcha (D)
  Urug (D)
  A lindwurm (D)
  A deep elf mage (D)
  An orc knight (D)
  2 cane toads (D)
  A rime drake (D)
  A komodo dragon (D)
  A queen bee (D)
  3 wandering mushrooms (D)
  2 tyrant leeches (D)
  A shadow (D)
  5 redbacks (D)
  A spatial vortex (D)
  A swamp drake (D)
  2 orc warriors (D)
  A necrophage (D)
  5 two-headed ogres (D)
  A water elemental (D)
  32 killer bees (D)
  2 orc priests (D)
  A jelly (D)
  A wizard (D)
  A necromancer (D)
  4 orc wizards (D)
  3 humans (D)
  A kobold demonologist (D)
  An ooze (D)
  A phantom (D)
  9 orcs (D)
  3 rats (D)
93 creatures vanquished.

Vanquished Creatures (others)
  An orc high priest (D)
  An electric eel (D)
  2 orc priests (D)
  18 plants (D)
22 creatures vanquished.

Grand Total: 115 creatures vanquished

Notes
Turn   | Place    | Note
-------+----------+-------------------------------------------
     0 | D        | sahdkjhfkaj the Octopode Transmuter began the quest for the
                  | Orb.
     0 | D        | Reached XP level 1. HP: 13/13 MP: 3/3
    18 | D        | Reached skill level 4 in Unarmed Combat
   100 | D        | Reached XP level 2. HP: 18/18 MP: 5/5
   144 | D        | Reached skill level 6 in Unarmed Combat
   144 | D        | Reached XP level 3. HP: 3/23 MP: 4/6
   621 | D        | Noticed a water elemental
   630 | D        | Killed a water elemental
   630 | D        | Reached skill level 8 in Unarmed Combat
   630 | D        | Reached XP level 4. HP: 28/28 MP: 5/7
   698 | D        | Found a hide-covered altar of Uskayaw.
   698 | D        | Found a roughly hewn altar of Beogh.
   698 | D        | Found an iron altar of Okawaru.
   698 | D        | Found a bloodstained altar of Trog.
   698 | D        | Found an ornate altar of the Wu Jian Council.
   698 | D        | Noticed a human
   700 | D        | Noticed a human
   704 | D        | Killed a human
   704 | D        | Reached XP level 5. HP: 31/33 MP: 5/8
   704 | D        | Reached XP level 6. HP: 36/38 MP: 5/9
   710 | D        | Killed a human
   875 | D        | Learned a level 5 spell: Blade Hands
   929 | D        | Noticed a shadow
   934 | D        | Killed a shadow
   934 | D        | Reached XP level 7. HP: 37/45 MP: 4/10
   993 | D        | Found a glowing silver altar of Zin.
   996 | D        | Noticed a deep elf mage
  1000 | D        | Killed a deep elf mage
  1000 | D        | Reached skill level 5 in Dodging
  1000 | D        | Reached skill level 9 in Unarmed Combat
  1000 | D        | Reached XP level 8. HP: 45/54 MP: 5/11
  1001 | D        | Found a glowing golden altar of the Shining One.
  1001 | D        | Found a white marble altar of Elyvilon.
  1061 | D        | Found a blossoming altar of Fedhas.
  1061 | D        | Found a stormy altar of Qazlal.
  1062 | D        | Found a snail-covered altar of Cheibriados.
  1062 | D        | Found a burning altar of Makhleb.
  1062 | D        | Found a hazy altar of Hepliaklqana.
  1062 | D        | Found a shimmering altar of Xom.
  1062 | D        | Found an opulent altar of Gozag.
  1062 | D        | Found a sparkling altar of Nemelex Xobeh.
  1062 | D        | Found a corrupted altar of Lugonu.
  1062 | D        | Found a viscous altar of Jiyva.
  1065 | D        | Reached skill level 5 in Fighting
  1070 | D        | Became a worshipper of Gozag Ym Sagoz the Greedy
  1142 | D        | Found a radiant altar of Vehumet.
  1146 | D        | Found a shimmering blue altar of Sif Muna.
  1146 | D        | Found an ancient bone altar of Kikubaaqudgha.
  1147 | D        | Noticed a red devil
  1159 | D        | Learned a level 3 spell: Confusing Touch
  1186 | D        | Found a basalt altar of Yredelemnul.
  1186 | D        | Found a shadowy altar of Dithmenos.
  1186 | D        | Found a sacrificial altar of Ru.
  1189 | D        | Reached skill level 10 in Unarmed Combat
  1466 | D        | Noticed a two-headed ogre
  1472 | D        | Killed a two-headed ogre
  1472 | D        | Reached XP level 9. HP: 27/62 MP: 3/12
  1704 | D        | Noticed a two-headed ogre
  1704 | D        | Noticed Erolcha
  1707 | D        | Killed Erolcha
  1707 | D        | Reached skill level 10 in Stealth
  1707 | D        | Reached skill level 11 in Unarmed Combat
  1710 | D        | Killed a two-headed ogre
  2121 | D        | Noticed Donald
  2121 | D        | Noticed Frances
  2125 | D        | Noticed a wandering mushroom
  2130 | D        | Noticed a wandering mushroom
  2132 | D        | Noticed a wandering mushroom
  2134 | D        | Killed a wandering mushroom
  2134 | D        | Reached skill level 12 in Unarmed Combat
  2367 | D        | Reached XP level 10. HP: 73/73 MP: 7/13
  2371 | D        | Reached skill level 10 in Dodging
  2413 | D        | Noticed a cane toad
  2413 | D        | Noticed a cane toad
  2420 | D        | Killed a cane toad
  2420 | D        | Reached skill level 10 in Fighting
  2420 | D        | Reached skill level 13 in Unarmed Combat
  2424 | D        | Killed a cane toad
  2555 | D        | Reached skill level 14 in Unarmed Combat
  3092 | D        | Noticed a lindwurm
  3097 | D        | Killed a lindwurm
  3097 | D        | Reached skill level 15 in Unarmed Combat
  3106 | D        | Noticed Urug
  3109 | D        | Killed Urug
  3109 | D        | Reached skill level 16 in Unarmed Combat
  3109 | D        | Reached XP level 11. HP: 68/80 MP: 10/14
  3197 | D        | Noticed a six-headed hydra
  3197 | D        | Noticed a five-headed hydra
  3268 | D        | Noticed an orc knight
  3281 | D        | Killed an orc knight
  3396 | D        | Reached skill level 17 in Unarmed Combat
  3482 | D        | Found Licat's Assorted Antiques.
  3719 | D        | Bought a book of the Dragon for 1350 gold pieces
  3765 | D        | Killed Frances
  3765 | D        | Reached skill level 5 in Spellcasting
  3776 | D        | Killed Donald
  3776 | D        | Reached skill level 18 in Unarmed Combat
  3950 | D        | Learned a level 7 spell: Dragon Form
  4089 | D        | Gained mutation: Your magical capacity is low. (-10% MP)
                  | [mutagenic glow]
  4514 | D        | Bought a book of Alchemy for 1125 gold pieces
  4520 | D        | Learned a level 5 spell: Irradiate
  4562 | D        | Noticed Gastronok
  4565 | D        | Gained mutation: You are frail. (-10% HP) [mutagenic glow]
  4580 | D        | Gained mutation: You are clumsy. (Dex -2) [mutagenic glow]
  4613 | D        | Slain by Gastronok

Illustrated notes

Levels and vault maps discovered:
D:        dungeon_sprint_mu [sprint_mu_entry_cave, sprint_mu_temple_rooms,
          sprint_mu_d1_spiders, sprint_mu_d2_genie, sprint_mu_d3_branching,
          sprint_mu_orc_legion, sprint_mu_elf_gauntlet, sprint_mu_hive_nellie,
          sprint_mu_lair_fedhas, sprint_mu_vaults_butterflies,
          sprint_mu_slime_circle, sprint_mu_swamp_cave, sprint_mu_shoals_kraken,
          sprint_mu_blade_basic, sprint_mu_crypt_lich, sprint_mu_tomb_spiral,
          sprint_mu_vestibule_basic, sprint_mu_gehenna_hellfire,
          sprint_mu_dis_giant, sprint_mu_tartarus_statrot,
          sprint_mu_cocytus_islands, sprint_mu_zot1]

Skill      XL: |  1  2  3  4  5  6  7  8  9 10 11 |
---------------+----------------------------------+-----
Unarmed Combat | 4 6 8 9 10 12 16 18 | 18.7
Transmutations | 4 9 12 | 12.2
Fighting       | 2 4 6 9 10 | 10.0
Dodging        | 3 5 7 9 10 | 10.0
Stealth        | 3 6 9 10 | 10.0
Spellcasting   | 8 |  8.7

Action                   |  1- 3 |  4- 6 |  7- 9 | 10-12 || total
-------------------------+-------+-------+-------+-------++-------
Melee: Unarmed           |    29 |    14 |    51 |   147 ||   241
       Tentacles         |     4 |     4 |    13 |    12 ||    33
       Kick              |     7 |     2 |       |       ||     9
       Constrict         |     2 |     2 |     9 |    18 ||    31
       Punch             |     1 |       |       |    11 ||    12
       Tailslap          |       |       |       |     5 ||     5
       Bite              |       |       |       |     1 ||     1
Throw: Dart              |     5 |       |       |       ||     5
 Cast: Beastly Appendage |     5 |     2 |     2 |       ||     9
       Blade Hands       |       |     2 |    11 |    11 ||    24
       Dragon Form       |       |       |       |     1 ||     1
Invok: Call Merchant     |       |       |       |     3 ||     3
  Use: Potion            |       |     1 |       |     1 ||     2
       Scroll            |       |       |       |     2 ||     2
 Stab: Sleeping          |     3 |     1 |     4 |     5 ||    13
       Distracted        |       |       |       |     2 ||     2
Armor: Skin              |     1 |     1 |       |    21 ||    23
Dodge: Dodged            |    14 |     3 |    35 |    50 ||   102

Table legend: (Time is in decaauts)
 A = Elapsed time spent in this place.
 B = Non-inter-level travel time spent in this place.
 C = Inter-level travel time spent in this place.
 D = Time resting spent in this place.
 E = Time spent auto-exploring this place.
 F = Levels seen in this place.
 G = Mean time per level.
                   A        B        C        D        E       F      G
               +--------+--------+--------+--------+--------+-----+--------+
         Total |   4583 |   4502 |     81 |   3285 |    178 |   1 | 4583.0 |
       Dungeon |   4583 |   4502 |     81 |   3285 |    178 |   1 | 4583.0 |
               +--------+--------+--------+--------+--------+-----+--------+

Top non-repeatable levels by time:
       D: 4583 daAuts
